 Dungeon Crawl Stone Soup version 0.21-a0-150-gc243083 (webtiles) character file.

6797 Ordine the Thaumaturge (level 10, -10/55 HPs)
             Began as a Deep Elf Wizard on July 26, 2017.
             Was a Priest of Sif Muna.
             Mangled by a large slime creature (29 damage)
             ... on level 10 of the Dungeon on July 27, 2017.
             The game lasted 00:48:27 (14354 turns).

Ordine the Thaumaturge (Deep Elf Wizard)           Turns: 14354, Time: 00:48:28

Health: -10/55     AC:  9    Str:  4    XL:     10   Next: 76%
Magic:  19/24      EV: 15    Int: 32    God:    Sif Muna [***...]
Gold:   178        SH:  5    Dex: 11    Spells: 17/26 levels left

rFire    . . .     SeeInvis +   w - +0 whip (elec)
rCold    . . .     Gourm    .   e - +1 buckler
rNeg     + . .     Faith    .   y - +2 robe {rN+}
rPois    +         Spirit   .   x - +0 helmet
rElec    .         Reflect  .   p - scarf {repulsion}
rCorr    .         Harm     .   i - +0 pair of gloves
MR       +....                  C - +2 pair of boots of Purpose {Int+5 Dex-2}
Stlth    ++++......             g - amulet of regeneration
HPRegen  0.58/turn              j - ring of see invisible
MPRegen  0.19/turn              v - ring of poison resistance

@: about to teleport, hasted, repel missiles, very quick
A: no striking features
a: Divine Energy, Channel Magic, Renounce Religion


You were on level 10 of the Dungeon.
You worshipped Sif Muna.
Sif Muna was most pleased with you.
You were not hungry.

You visited 2 branches of the dungeon, and saw 11 of its levels.

You collected 580 gold pieces.
You spent 402 gold pieces at shops.

Inventory:

Hand Weapons
 w - a +0 whip of electrocution (weapon)
 E - a +2 antimagic hand axe
Armour
 e - a +1 buckler (worn)
 i - a +0 pair of gloves (worn)
 p - a scarf of repulsion (worn)
 x - a +0 helmet (worn)
 y - a +2 robe of positive energy (worn)
 C - the +2 pair of boots of Purpose (worn) {Int+5 Dex-2}
   (You found it on level 8 of the Dungeon)

   It affects your intelligence (+5).
   It affects your dexterity (-2).
 J - the +4 leather armour of Makhleb's Benevolence {rElec rC+++ Str-3 Int-5, unknown}
   (You found it on level 10 of the Dungeon)

   It affects your strength (-3).
   It affects your intelligence (-5).
   It renders you almost immune to cold.
   It insulates you from electricity.
Magical Staves
 H - an uncursed staff of wizardry {unknown}
Jewellery
 g - an amulet of regeneration (around neck)
 j - a ring of see invisible (left hand)
 v - a ring of poison resistance (right hand)
 I - an uncursed ring of stealth {unknown}
Wands
 a - a wand of flame (23/48)
 o - a wand of polymorph (10/24)
 q - a wand of scattershot (5/9)
 r - a wand of paralysis (7/24)
 D - a wand of digging (10/24)
Scrolls
 m - a scroll of fog
 n - 2 scrolls of remove curse
 s - 2 scrolls of recharging
 u - 2 scrolls of immolation
 F - a scroll of magic mapping
Potions
 b - a potion of might
 h - a potion of magic
 k - 3 potions of curing
 l - a potion of mutation
 B - 2 potions of brilliance
Books
 c - a book of Minor Magic

   Spells                             Type                      Level
   a - Magic Dart                     Conjuration                  1
   b - Blink                          Translocation                2
   c - Call Imp                       Summoning                    2
   d - Slow                           Hexes                        2
   e - Conjure Flame                  Conjuration/Fire             3
   f - Mephitic Cloud                 Conjuration/Poison/Air       3
Miscellaneous
 G - a phantom mirror
Comestibles
 d - 8 bread rations
 f - 33 fruits
 t - 2 royal jellies
 z - 3 meat rations


   Skills:
 + Level 2.8 Fighting
 * Level 2.3 Armour
 + Level 7.3 Dodging
 + Level 7.8 Stealth
 - Level 4.0 Shields
 + Level 8.6 Spellcasting
 + Level 6.4 Conjurations
   Level 1.1 Summonings
 - Level 1.1 Translocations
 - Level 5.0 Fire Magic
 - Level 5.0 Air Magic
 + Level 5.5 Invocations
 + Level 4.0 Evocations


You had 17 spell levels left.
You knew the following spells:

 Your Spells              Type           Power        Failure   Level  Hunger
a - Magic Dart            Conj           ####         1%          1    None
b - Blink                 Tloc           N/A          3%          2    None
c - Conjure Flame         Conj/Fire      ######..     1%          3    None
d - Mephitic Cloud        Conj/Pois/Air  #####...     2%          3    None


Dungeon Overview and Level Annotations

Branches:
Dungeon (10/15)            Temple (1/1) D:4            Lair (0/6) D:10
    Orc: D:9-12

Altars:
Ashenzari
Cheibriados
Dithmenos
Elyvilon
Fedhas
Gozag
Hepliaklqana
Kikubaaqudgha
Makhleb
Nemelex Xobeh
Okawaru
Qazlal
Ru
Sif Muna
Trog
Uskayaw
Vehumet
Wu Jian
Xom
Yredelemnul
Zin
The Shining One
Jiyva

Shops:
D:5 *   D:6 *   D:7 =*[}   D:10 ?

Annotations:
D:10 1 transporter


Message History

Unknown command.
As you read the scroll of fog, it crumbles to dust.
The scroll dissolves into smoke.
The slime creature hits you.
Two slime creatures merge to form a large slime creature.
Unknown command.
Unknown command.
Casting: Blink
Confirm with . or Enter, or press ? or * to list all spells.
You blink.
The slime creature hits you!
Casting: Blink
Confirm with . or Enter, or press ? or * to list all spells.
You blink.
The large slime creature hits you!
* * * LOW HITPOINT WARNING * * *
You block the slime creature's attack.
As you read the scroll of teleportation, it crumbles to dust.
You feel strangely unstable.
Unknown command.
You feel better. The large slime creature hits you!!
Ouch! That really hurt!
You die...

#.# ##J###©##
#.###..#.#..##
#.##.........#
#.# ##.$.:.##
#.# #..$_...#
#.####.$%§J###
#.##.J..$JJG§#
#.###..#§#JJ##
#.####.###@##
#..#########
##..#######
##.....©.#
####...##
#####


You could see a large slime creature, 3 slime creatures and a glowing orange
brain.

Vanquished Creatures
  2 komodo dragons (D:10)
  3 hippogriffs
  Sigmund (D:6)
  A yak (D:10)
  A steam dragon (D:10)
  Duvessa (D:4)
  2 water moccasins
  4 porcupines (D:10)
  2 sky beasts (D:6)
  A black bear (D:10)
  2 ogres
  2 phantoms
  5 ice beasts
  3 orc warriors
  3 centaurs
  2 crocodiles
  A big kobold (D:8)
  6 bullfrogs
  4 scorpions
  Dowan (D:4)
  5 killer bees
  2 howler monkeys (D:9)
  7 crimson imps
  A bullfrog zombie (D:10)
  A centaur zombie (D:5)
  A jelly (D:9)
  A quasit (D:10)
  4 hounds
  A bullfrog skeleton (D:7)
  4 centaur skeletons
  5 orc priests
  9 orc wizards
  An iguana (D:9)
  7 worker ants
  A hound zombie (D:8)
  A howler monkey zombie (D:6)
  6 gnolls
  3 howler monkey skeletons
  13 adders
  2 river rats (D:6)
  3 shadow imps
  An ooze (D:1)
  An adder skeleton (D:4)
  2 adder zombies
  11 worms
  2 dart slugs (D:3)
  3 leopard geckos
  42 orcs
  A ball python (D:4)
  9 bats
  3 giant cockroaches
  7 goblins
  9 hobgoblins
  18 jackals
  5 quokkas
  4 frilled lizards
  A giant cockroach zombie (D:5)
  6 kobolds
  8 rats
258 creatures vanquished.

Vanquished Creatures (others)
  50 fungi (D:10)
  21 plants (D:10)
71 creatures vanquished.

Grand Total: 329 creatures vanquished

Notes
Turn   | Place    | Note
-------+----------+-------------------------------------------
     0 | D:1      | Ordine the Deep Elf Wizard began the quest for the Orb.
     0 | D:1      | Reached XP level 1. HP: 10/10 MP: 7/7
   168 | D:1      | Reached XP level 2. HP: 15/15 MP: 7/9
   235 | D:1      | Learned a level 2 spell: Blink
   875 | D:2      | Reached XP level 3. HP: 19/19 MP: 7/11
   880 | D:2      | Learned a level 3 spell: Conjure Flame
   884 | D:2      | Learned a level 3 spell: Mephitic Cloud
  1229 | D:2      | Reached skill level 5 in Spellcasting
  1548 | D:2      | Found an iron altar of Okawaru.
  1852 | D:3      | Reached XP level 4. HP: 24/24 MP: 7/13
  3049 | D:4      | Reached XP level 5. HP: 28/28 MP: 2/14
  3141 | D:4      | Found a deep blue altar of Sif Muna.
  3150 | D:4      | Became a worshipper of Sif Muna the Loreminder
  3154 | D:4      | Noticed a phantom
  3177 | D:4      | Killed a phantom
  3177 | D:4      | Reached skill level 1 in Shields
  3177 | D:4      | Reached skill level 1 in Fire Magic
  3177 | D:4      | Reached skill level 1 in Air Magic
  3428 | D:4      | Reached XP level 6. HP: 32/32 MP: 0/16
  3562 | D:4      | Found a glowing silver altar of Zin.
  3621 | D:4      | Found a staircase to the Ecumenical Temple.
  3626 | Temple   | Entered the Ecumenical Temple
  4814 | D:4      | Noticed Dowan
  4816 | D:4      | Noticed Duvessa
  4824 | D:4      | Killed Dowan
  5125 | D:4      | Killed Duvessa
  5125 | D:4      | Reached skill level 1 in Invocations
  5125 | D:4      | Reached XP level 7. HP: 24/36 MP: 3/17
  5170 | D:5      | Entered Level 5 of the Dungeon
  5225 | D:5      | Reached skill level 6 in Spellcasting
  5755 | D:5      | Reached skill level 5 in Stealth
  5894 | D:5      | Reached skill level 5 in Dodging
  5894 | D:5      | Reached XP level 8. HP: 41/41 MP: 12/19
  6166 | D:5      | Reached * piety under Sif Muna
  6277 | D:5      | Found Diqupuvi's General Store.
  7129 | D:6      | Noticed Sigmund
  7166 | D:6      | Killed Sigmund
  7245 | D:6      | Reached skill level 7 in Spellcasting
  7482 | D:6      | Reached XP level 9. HP: 45/45 MP: 1/21
  7720 | D:6      | Found Aregepn's General Store.
  7723 | D:6      | Bought an uncursed ring of poison resistance for 280 gold pieces
  8438 | D:7      | Found a white marble altar of Elyvilon.
  8647 | D:7      | Reached skill level 5 in Conjurations
  8689 | D:7      | Found Cooxuask's Gadget Emporium.
  8690 | D:7      | Found Olorgha's Assorted Antiques.
  8690 | D:7      | Found Umophyrch's Jewellery Emporium.
  8695 | D:7      | Bought a glowing robe for 96 gold pieces
  8998 | D:7      | Found Gageuf's Antique Armour Emporium.
  9039 | D:7      | Reached ** piety under Sif Muna
  9264 | D:7      | Found a blossoming altar of Fedhas.
  9533 | D:7      | Reached skill level 1 in Fighting
  9566 | D:6      | Reached skill level 1 in Evocations
  9859 | D:7      | Bought a scroll labeled FEGANY VILOWK for 26 gold pieces
 10388 | D:8      | Got a pair of warped boots
 10399 | D:8      | Identified the +2 pair of boots of Purpose {Int+5 Dex-2} (You found it on level 8 of the Dungeon)
 10576 | D:8      | Found a glowing golden altar of the Shining One.
 10576 | D:8      | Found a hide-covered altar of Uskayaw.
 10578 | D:8      | Found a radiant altar of Vehumet.
 11711 | D:9      | Reached XP level 10. HP: 53/53 MP: 11/23
 11808 | D:9      | Found a sacrificial altar of Ru.
 12059 | D:9      | Reached skill level 8 in Spellcasting
 12170 | D:10     | Entered Level 10 of the Dungeon
 12226 | D:10     | Found Piakhigirgh's Magic Scroll Shoppe.
 12502 | D:10     | Found a viscous altar of Jiyva.
 12567 | D:10     | Reached skill level 5 in Air Magic
 12951 | D:10     | Found a transporter.
 13007 | D:10     | Reached skill level 5 in Fire Magic
 13138 | D:10     | Reached skill level 5 in Invocations
 13146 | D:10     | Reached skill level 1 in Armour
 13196 | D:10     | Reached *** piety under Sif Muna
 14210 | D:10     | Found a staircase to the Lair.
 14338 | D:10     | Noticed a glowing orange brain
 14338 | D:10     | Found a transporter.
 14345 | D:10     | Got a steaming leather armour
 14354 | D:10     | Mangled by a large slime creature

Vault maps used:
D:1:      dpeg_arrival_windows_large_door, hangedman_decor_lopped
D:2:      kennysheep_okawaru_gauntlet, first_bread, mrwooster_statue_mirror,
          st_stairs_9
D:3:      hangedman_abyss_or_decor_stabs
D:4:      overflow_temple_1_default, zin_treasury,
          minmay_temple_entry_butterflies, uniq_duvessa
D:5:      serial_shops, shop
D:6:      lightli_sewer_entry_pipes, serial_shops, nicolae_shop_behind_doors,
          uniq_sigmund
D:7:      lemuel_crystal_altar, elyvilon_altar_5, minmay_shop_grid_forest
D:8:      gammafunk_temple_overflow_forgotten, blue_anna_alchemist,
          nicolae_zen_rock_garden
D:9:      nicolae_overflow_hidden_temple
D:10:     gammafunk_jiyva_shrine, due_lair_maze_entry_diamond, serial_shops,
          nicolae_shop_crystal
Temple:   nicolae_temple_god_jail

Skill      XL: |  1  2  3  4  5  6  7  8  9 10 |
---------------+-------------------------------+-----
Dodging        | 3 4 5 6 7 |  7.3
Stealth        | 3 4 5 6 7 |  7.8
Conjurations   | 2 3 4 5 6 |  6.4
Spellcasting   | 5 6 7 8 |  8.6
Shields        | 1 2 3 4 |  4.0
Fire Magic     | 1 2 3 4 5 |  5.0
Air Magic      | 1 2 3 4 5 |  5.0
Invocations    | 1 2 3 4 5 |  5.5
Fighting       | 1 2 |  2.8
Evocations     | 2 4 |  4.0
Armour         | 2 |  2.3
Summonings     | |  1.1
Translocations | |  1.1

Action                   |  1- 3 |  4- 6 |  7- 9 | 10-12 || total
-------------------------+-------+-------+-------+-------++-------
Melee: Unarmed           |       |    43 |    10 |       ||    53
       Whip              |       |       |    27 |    22 ||    49
 Cast: Magic Dart        |   104 |   184 |   598 |   225 ||  1111
       Mephitic Cloud    |       |    11 |    30 |    10 ||    51
       Conjure Flame     |       |     9 |    20 |     9 ||    38
       Blink             |       |     7 |    11 |     6 ||    24
  Use: Scroll            |     6 |     7 |    13 |     2 ||    28
       Potion            |       |     2 |     2 |     2 ||     6
 Stab: Confused          |       |     1 |     1 |       ||     2
  Eat: Chunk             |     2 |    10 |    21 |     7 ||    40
       Fruit             |       |       |       |     1 ||     1
Armor: Robe              |     1 |    12 |    41 |    30 ||    84
Dodge: Dodged            |     6 |    66 |   153 |    72 ||   297
       Deflected         |       |       |     6 |     2 ||     8
Block: Buckler           |       |       |    25 |    29 ||    54
